AoeStats
← alix

Arabia

507686956Analyzed
1v1 RM · 13d ago on Sep 19, 2026· 43m 14s· 2 players
Game mode
Random Map
Map size
Tiny (2 player)
Population
200
Speed
Normal
Resources
Standard
Victory
Conquest
Starting age
Dark Age
Ending age
Imperial Age
RankedLock teamsTeams togetherTeam positionsShared explorationLock speedFull tech treeHidden civsTurbo modeCheats
Victory
Defeat
🇩🇪 Lithuanians · Germany
1837
+12
🇲🇽 Malians · Mexico
1737
-12
alix
6:01 Loom
8:27 Feudal Age
9:08 Double-Bit Axe
9:04 Horse Collar
19:49 Castle Age
19:00 Fletching
19:22 Bloodlines
19:08 Gold Mining
19:34 Padded Archer Armor
20:36 Bodkin Arrow
21:25 Husbandry
22:59 Bow Saw
24:17 Wheelbarrow
26:32 Stone Mining
28:59 Heavy Plow
29:56 Scale Barding Armor
30:00 Town Watch
33:56 Imperial Age
32:54 Scale Mail Armor
33:04 Forging
34:22 Stone Shaft Mining
34:11 Hand Cart
34:31 Masonry
34:27 Squires
33:53 Pikeman
36:04 Two-Man Saw
36:25 Chemistry
35:22 Halberdier
36:18 Chain Mail Armor
37:19 Iron Casting
38:12 Chain Barding Armor
39:12 Conscription
40:19 Plate Barding Armor
40:35 Ballistics
41:32 Bracer
43:29 Architecture
43:40 Hoardings
43:40 Hill Forts
Carlitoh
6:09 Loom
9:00 Feudal Age
9:03 Man-at-Arms
9:36 Double-Bit Axe
13:39 Arson
20:02 Castle Age
19:23 Fletching
20:04 Padded Archer Armor
20:58 Bow Saw
20:34 Elite Skirmisher
22:34 Bodkin Arrow
23:24 Town Watch
24:27 Ballistics
28:43 Wheelbarrow
33:40 Imperial Age
32:01 Hand Cart
31:52 Scale Barding Armor
33:11 Chain Barding Armor
33:02 Forging
33:04 Bloodlines
33:08 Gold Mining
33:23 Horse Collar
34:39 Gold Shaft Mining
34:24 Farimba
33:46 Cavalier
34:26 Husbandry
35:51 Plate Barding Armor
36:07 Iron Casting
37:09 Conscription
36:42 Light Cavalry
38:59 Heavy Camel Rider
40:15 Long Swordsman
40:56 Squires
41:23 Scale Mail Armor
41:41 Two-Handed Swordsman
42:51 Chain Mail Armor
42:53 Pikeman
42:53 Two-Handed Swordsman
Connection lost

Rejoining the realm…

Still unreachable

The connection could not be restored.

Session expired

The server has moved on; the page needs a fresh start.